 Dungeon Crawl Stone Soup version 0.16-a0-3803-gd4b2de5 (console) character file.

33 MrRokkomies the Sneak (level 3, -1/25 HPs)
             Began as an Octopode Assassin on Jan 26, 2015.
             Slain by a goblin (2 damage)
             ... led by Robin
             ... on level 3 of the Dungeon.
             The game lasted 00:10:36 (1353 turns).

MrRokkomies the Sneak (Octopode Assassin)           Turns: 1353, Time: 00:10:37

Health: -1/25      AC:  1    Str: 10    XL:     3   Next: 29%
Magic:  3/3        EV: 11    Int: 13    God:
Gold:   136        SH:  3    Dex: 14    Spells: 0 memorised, 2 levels left

rFire  . . .     SeeInvis .     a - +2 dagger
rCold  . . .     Clarity  .     m - +0 buckler
rNeg   . . .     SustAb   .     (helmet restricted)
rPois  .         Gourm    .     (no amulet)
rElec  .         Spirit   .     (no ring)
rCorr  .         Warding  .     (no ring)
rMut   .         Stasis   .     (no ring)
MR     .....                    (no ring)
Stlth  ++++......               (no ring)
                                (no ring)
                                (no ring)
                                (no ring)

@: not resistant to hostile enchantments, stealthy
A: almost no armour, amphibious, 8 rings, constrict 8, camouflage 1, gelatinous
body 1
a: no special abilities


You were on level 3 of the Dungeon.
You were very hungry.

You visited 1 branch of the dungeon, and saw 3 of its levels.

You collected 136 gold pieces.

Inventory:

Hand weapons
 a - a +2 dagger (weapon)
 b - a +0 blowgun
 w - a +0 falchion
Missiles
 e - 8 poisoned needles
 f - 2 curare-tipped needles
 j - 37 stones (quivered)
Armour
 m - a +0 buckler (worn)
Jewellery
 k - an uncursed ring of ice
Magical devices
 d - a wand of slowing (15)
Scrolls
 h - a scroll of remove curse
 o - a scroll of magic mapping {unknown}
 p - a scroll of enchant weapon {unknown}
 q - a scroll of teleportation
Potions
 c - a potion of brilliance
 i - a potion of lignification {unknown}
 l - 2 potions of invisibility {unknown}
 n - a potion of haste {unknown}
Comestibles
 g - 2 bread rations


   Skills:
 - Level 2.7 Fighting
 - Level 2.6 Short Blades
 * Level 0.0(1.4) Long Blades
 - Level 2.0 Throwing
 - Level 1.0 Dodging
 + Level 5.6 Stealth
 * Level 0.4 Shields


You had 2 spell levels left.
You didn't know any spells.

Dungeon Overview and Level Annotations

Branches:
Dungeon (3/15)

Altars:
Ru

Annotations:
D:3 Robin


Innate Abilities, Weirdness & Mutations

You cannot wear most types of armour.
You are amphibious.
You can wear up to eight rings at the same time.
You can use your tentacles to constrict many enemies at once.
Your skin changes colour to match your surroundings (Stealth).
Your rubbery body absorbs attacks (AC +1).


Message History

The hobgoblin is moderately wounded.
The hobgoblin hits you but does no damage.
The goblin hits you.
You barely miss the hobgoblin. You grab the hobgoblin.
The hobgoblin is moderately wounded.
You constrict the hobgoblin, but do no damage.
Robin roars a battlecry!
The goblins go into a battle-frenzy!
The hobgoblin hits you. The goblin barely misses you.
You release your grip on the hobgoblin.
Robin throws the goblin at you! The goblin hits you but does no damage.
You closely miss the goblin. Your grab misses the goblin.
The hobgoblin hits you. The goblin hits you.
* * * LOW HITPOINT WARNING * * *
You hit the goblin. Your grab misses the goblin.
The goblin is severely wounded.
The hobgoblin hits you.
* * * LOW HITPOINT WARNING * * *
The goblin hits you.
You die...

#.# #.####### #.#
#.# #.......# #.#
#.# #######.# #.#
#g# #.# #.# #g# #.#
#)# #.# #.# #.# #.#
#.# #.# #g ####.#
#.# #> #....# #.#
#.#######.#### #.#
#..ggggg@g########.#
########...........#
##.########## #.#
#.# #.# #.# #.# ..#
###


You could see Robin, 3 hobgoblins and 2 goblins.

Vanquished Creatures
  2 worms (D:2)
  A ball python (D:1)
  2 bats
  A giant cockroach (D:2)
  3 goblins
  3 hobgoblins
  2 kobolds (D:1)
  A quokka (D:2)
  5 rats (D:1)
20 creatures vanquished.

Notes
Turn   | Place    | Note
--------------------------------------------------------------
     0 | D:1      | MrRokkomies, the Octopode Assassin, began the quest for the Orb.
     0 | D:1      | Reached XP level 1. HP: 14/14 MP: 1/1
   334 | D:1      | Reached XP level 2. HP: 20/20 MP: 2/2
   593 | D:2      | Found a sacrificial altar of Ru.
   771 | D:2      | Reached XP level 3. HP: 18/25 MP: 3/3
  1260 | D:3      | Noticed Robin
  1353 | D:3      | HP: 1/25 [hobgoblin[Robin] (5)]
  1353 | D:3      | Slain by a goblin

Action                   || total
-------------------------++-------
Melee: Dagger            ||    37
 Fire: Blowgun           ||     1
Throw: Stone             ||     8
  Use: Scroll            ||     6
 Stab: Sleeping          ||     9
       Distracted        ||     1
